Map: Lock & Load

Players

Ratl

  • Race: Protoss Protoss
  • League: Silver
  • Spawn Location: 7:00

Negaum

  • Race: Terran Terran
  • Spawn Location: 6:00

VOD

Have the link to the VOD?

Description

Time

  • Played on: Jan. 13, 2020, 3:38 p.m.
  • Length: 20:45
Show
View Real Time Build Order
Export as new Build Order

Ratl Protoss 

Build Orders:  

Get SALT Encoding   

  12  0:02  Probe (Chrono Boost)  
  13  0:16  Probe (Chrono Boost)  
  14  0:29  Pylon  
  14  0:31  Probe (Chrono Boost)  
  15  0:53  Probe (Chrono Boost)  
  15  0:55  Assimilator  
  16  1:07  Probe (Chrono Boost)  
  17  1:16  Gateway  
  17  1:21  Probe (Chrono Boost)  
  17  1:29  Assimilator  
  18  1:35  Probe (Chrono Boost)  
  19  1:49  Probe (Chrono Boost)  
  20  1:50  Gateway  
  20  2:02  Probe (Chrono Boost)  
  20  2:06  Pylon  
  21  2:16  Probe (Chrono Boost)  
  22  2:30  Probe (Chrono Boost)  
  22  2:36  Cybernetics Core  
  23  2:44  Probe (Chrono Boost)  
  24  2:58  Probe (Chrono Boost)  
  25  3:12  Probe (Chrono Boost)  
  26  3:26  Probe (Chrono Boost)  
  27  3:32  Robotics Facility  
  27  3:37  Pylon  
  27  3:39  Zealot  
  29  3:40  Probe (Chrono Boost)  
  30  3:56  Twilight Council  
  30  4:05  Pylon  
  30  4:09  Pylon  
  30  4:20  Zealot x2  
  34  4:38  Observer  
  35  4:41  Zealot x2  
  39  5:09  Dragoon x3  
  45  5:41  Zealot x3  
  51  6:19  Zealot  
  53  6:26  Nexus  
  53  7:25  Probe (Chrono Boost)  
  54  7:30  Pylon  
  54  7:31  Charge  
  54  7:32  Pylon  
  54  7:38  Pylon  
  54  7:39  Probe (Chrono Boost)  
  54  7:43  Pylon  
  54  7:44  Forge  
  55  7:54  Probe (Chrono Boost)  
  55  7:55  Immortal  
  60  8:08  Probe (Chrono Boost)  
  61  8:12  Probe (Chrono Boost)  
  62  8:22  Probe (Chrono Boost)  
  62  8:26  Probe (Chrono Boost)  
  64  8:31  Whirlwind  
  64  8:36  Probe (Chrono Boost)  
  65  8:40  Probe (Chrono Boost)  
  64  8:50  Probe (Chrono Boost)  
  64  8:59  Protoss Ground Weapons Level 1  
  65  9:02  Probe (Chrono Boost)  
  65  9:04  Probe (Chrono Boost)  
  67  9:13  Gateway  
  67  9:16  Probe (Chrono Boost), Gateway  
  68  9:27  Templar Archives  
  68  9:30  Probe x2 (Chrono Boost)  
  68  9:38  Assimilator  
  70  9:43  Assimilator  
  70  9:44  Probe x2 (Chrono Boost)  
  72  10:02  Immortal  
  72  10:09  Singularity Charge  
  76  10:19  Probe x2 (Chrono Boost)  
  78  10:33  Probe x2 (Chrono Boost)  
  80  10:47  Probe x2 (Chrono Boost)  
  82  10:59  Psionic Storm  
  82  11:14  Dragoon x3  
  82  11:15  Dragoon x2  
  92  11:20  Zealot x4  
  92  11:21  Zealot  
  102  11:42  Protoss Ground Weapons Level 2  
  102  11:58  Khaydarin Amulet  
  84  12:31  Zealot  
  84  12:32  Zealot x4  
  84  12:33  Zealot x2  
  86  12:55  Dragoon x5  
  92  13:23  Pylon  
  92  13:26  Pylon  
  92  13:33  Pylon, Immortal  
  94  13:40  Pylon  
  94  13:41  Pylon  
  94  13:42  Trillic Compresion Mesh  
  94  13:43  Plasma Surge, Pylon  
  94  13:45  Zealot  
  94  13:46  Zealot x3  
  94  13:48  Pylon  
  102  13:55  Pylon  
  102  14:28  Immortal  
  106  14:55  Protoss Ground Armor Level 1  
  106  15:13  Zealot  
  106  15:14  Zealot x8  
  106  15:15  Zealot x3  
  130  15:21  Immortal  
  134  16:06  Immortal  
  134  16:11  Dragoon x3  
  134  16:12  Dragoon x2, Zealot  
  134  16:13  Zealot x2  
  152  16:50  Immortal  
  152  17:06  Protoss Shields Level 1  
  152  18:12  High Templar x2  
  152  18:13  High Templar x4  
  152  18:14  High Templar x3  
  152  18:17  Archon x2  
  152  18:18  Archon  
  152  18:19  Archon  
  164  18:22  High Templar  
  164  18:29  Archon  
  153  18:50  Zealot x2  
  155  19:06  Gateway  
  155  19:09  Gateway x2  
  151  19:12  Gateway  
  151  19:16  Gateway  
  151  19:18  Gateway  
  151  19:23  Gateway  
  147  19:31  Dragoon  
  147  19:32  Dragoon x2  
  147  19:34  Zealot  
  143  20:09  Dragoon x3  
  143  20:10  Dragoon x2  
  139  20:28  Zealot x3  
  139  20:29  Zealot x6  
Show
View Real Time Build Order
Export as new Build Order

Negaum Terran 

Build Orders:  

Get SALT Encoding   

  12  0:14  Refinery  
  12  0:35  Barracks  
  12  0:37  SCV  
  13  0:54  SCV  
  14  1:11  SCV  
  15  1:57  Factory  
  15  2:09  Supply Depot  
  15  2:12  SCV  
  15  2:18  Refinery  
  16  2:25  Barracks Tech Lab  
  16  2:29  SCV  
  17  2:46  SCV, Supply Depot  
  18  3:03  SCV  
  19  3:15  Armory  
  19  3:19  SCV  
  19  3:23  Marauder  
  22  3:36  Marauder  
  24  3:47  SCV  
  25  4:04  SCV, Medic  
  28  4:21  SCV  
  29  4:36  Starport, Terran Vehicle and Ship Weapons Level 1  
  29  6:51  Starport Tech Lab  
  29  6:59  Fusion Core  
  29  7:16  Terran Vehicle And Ship Armor Level 1  
  29  7:35  Command Center  
  29  7:39  Supply Depot  
  29  7:45  Supply Depot  
  29  9:10  Battlecruiser  
  35  9:29  Refinery  
  35  9:30  SCV  
  36  9:47  SCV  
  37  9:53  Battlecruiser  
  37  9:56  Advanced Optics  
  37  9:57  Refinery  
  43  10:03  SCV  
  44  10:20  SCV  
  45  10:35  Battlecruiser  
  45  10:37  SCV  
  52  10:44  Supply Depot  
  52  10:51  Supply Depot  
  52  10:54  SCV  
  53  11:11  SCV  
  53  11:18  Battlecruiser  
  54  11:28  SCV  
  61  11:56  Afterburners  
  61  12:01  Battlecruiser  
  67  12:56  Terran Vehicle and Ship Weapons Level 2  
  67  13:57  Battlecruiser  
  73  14:09  Supply Depot  
  73  16:01  Battlecruiser  
  73  16:06  Terran Vehicle And Ship Armor Level 2  
  79  16:44  Battlecruiser  
  85  17:52  Supply Depot  
  85  17:53  Battlecruiser  
  91  18:23  Supply Depot  
  91  18:35  Battlecruiser  
  97  18:59  Supply Depot  
  97  19:15  Supply Depot  
  97  19:18  Battlecruiser  
Tags
 
Commander
ArtanisRaynor
League
Silver
Matchup
Co-op
Add a new tag
Caveats
  • Supply blocks, unpowered buildings, or Contaminate may cause inaccurate times.
  • Supply counts are checked every 10 seconds.